 Dungeon Crawl Stone Soup version 0.30-a0-739-gea05faddec (webtiles) character file.

Game seed: 12708516643462498266

214 Leeroy the Slasher (level 5, -12/26 HPs)
             Began as a Vine Stalker Warper on Feb 4, 2023.
             Succumbed to a kobold brigand's curare-tipped dart
             ... in a sewer.
             The game lasted 00:03:56 (1543 turns).

Leeroy the Slasher (Vine Stalker Warper)            Turns: 1543, Time: 00:03:57

Health: -12/26     AC:  4    Str: 13    XL:     5   Next: 91%
Magic:  3/9        EV: 11    Int: 13    God:
Gold:   113        SH:  0    Dex: 16    Spells: 3/8 levels left

rFire   . . .      SeeInvis .    a - +0 falchion
rCold   . . .      Faith    .    (no shield)
rNeg    . . .      Spirit   +    b - +0 leather armour
rPois   .          Reflect  .    (no helmet)
rElec   .          Harm     .    (no cloak)
rCorr   .          Rampage  .    t - +0 pair of gloves
Will    .....                    (no boots)
Stlth   +                        (no amulet)
HPRegen 1.04/turn                (no ring)
MPRegen 0.11/turn                (no ring)

@: lethally poisoned (-12 -> -45), slowed, very slow
A: fangs 2, regeneration 1, magic shield, antimagic bite, no potion heal 2
a: no special abilities


You were in a sewer.
You visited 1 branch of the dungeon, and saw 3 of its levels.
You also visited: Sewer.

You collected 113 gold pieces.

Inventory:

Hand Weapons
 a - a +0 falchion (weapon)
 w - a +0 war axe
Missiles
 d - 7 boomerangs of dispersal (quivered)
 e - 11 poisoned darts
Armour
 b - a +0 leather armour (worn)
 t - a +0 pair of gloves (worn)
Wands
 s - a wand of roots (6)
Scrolls
 c - 3 scrolls of blinking
 f - a scroll of noise {unknown}
 g - a scroll of torment {unknown}
 h - a scroll of teleportation {unknown}
 i - 2 scrolls of vulnerability {unknown}
 j - 2 scrolls of fog {unknown}
 m - 2 scrolls of identify {unknown}
 q - a scroll of fear {unknown}
 r - a scroll of enchant weapon {unknown}
 u - a scroll of silence {unknown}
Potions
 k - a potion of might {unknown}
 l - a potion of brilliance
 n - a potion of invisibility
 o - a potion of mutation {unknown}
 p - a potion of curing {unknown}
 v - a potion of heal wounds {unknown}


   Skills:
 - Level 1.7 Fighting
 + Level 5.4 Long Blades
 - Level 0.8 Throwing
 - Level 0.7 Armour
 - Level 1.5 Dodging
 - Level 2.1 Spellcasting
 - Level 3.0 Translocations


You had 3 spell levels left.
You knew the following spells:

 Your Spells              Type           Power      Damage    Failure   Level
a - Blink                 Tloc           18%        N/A       14%         2
b - Vhi's Electric Charg  Tloc/Air       10%        N/A       45%         3

Your spell library contained the following spells:

 Spells                   Type           Power      Damage    Failure   Level
 Lesser Beckoning         Tloc           18%        N/A       14%         2
 Teleport Other           Tloc           9%         N/A       28%         3
 Sting                    Tmut/Pois      4%         1d3       32%         1
 Poisonous Vapours        Pois/Air       2%         N/A       43%         2
 Manifold Assault         Tloc           9%         N/A       67%         4
 Olgreb's Toxic Radiance  Pois           1%         N/A       97%         4


Dungeon Overview and Level Annotations

Branches:
Dungeon (3/15)              Sewer (1/1)

Altars:


Innate Abilities, Weirdness & Mutations

You have extremely sharp teeth.
Your natural rate of healing is unusually fast.
When hurt, damage is shared between your health and your magic reserves.
Your bite disrupts and absorbs the magic of your enemies.
Potions cannot restore your health.


Message History

Your Long Blades skill increases to level 5!
You hit the kobold.
The kobold is moderately wounded.
Your unstable footing causes you to fumble your attack.
The kobold splashes around in the water.
Your unstable footing causes you to fumble your attack.
The kobold barely misses you.
Your unstable footing causes you to fumble your attack.
The kobold hits you with a +0 short sword.
You closely miss the kobold.
The kobold is moderately wounded.
The kobold closely misses you.
You hit the kobold.
You kill the kobold!
You hear a splash.
The kobold throws a stone.
The stone barely misses you.
You hit the kobold.
You kill the kobold!
You hear a splash. x2
The kobold brigand throws a curare-tipped dart.
The curare-tipped dart hits you.
You are poisoned.
You have difficulty breathing.
You feel yourself slow down.
You feel extremely sick.
The kobold throws a stone.
The stone barely misses you.
Items here: (( )))) ††.
You feel very sick.
The kobold brigand throws a curare-tipped dart.
The curare-tipped dart hits you.
You are lethally poisoned!
You have difficulty breathing.
You feel as though you will be slow longer.
The kobold brigand throws a curare-tipped dart.
The curare-tipped dart hits you.
You are more poisoned.
You have difficulty breathing.
* * * LOW HITPOINT WARNING * * *
You feel as though you will be slow longer.
Ouch! That really hurt!
You die...

. #..~~~~.~~~......
..#.~≈≈≈~KKh~~~~~~~
.K..~≈≈≈≈≈≈≈≈≈≈≈≈≈≈
#~~≈≈≈~~~~~~~≈~~
#~~~~~~.~~~.....
#.~~..~~.~.####
#########)## #~#
#@# #~# #~# #~# #~#
#~# #~# #~# #~#


You could see a kobold brigand, a jackal and a kobold.

Vanquished Creatures
  A kobold brigand (Sewer)
  A scorpion (D:3)
  2 adders
  A river rat (Sewer)
  A worm (D:3)
  A dart slug (D:2)
  5 orcs (D:3)
  4 ball pythons
  A bat (D:1)
  5 endoplasms
  A giant cockroach (D:2)
  2 goblins
  7 hobgoblins
  4 jackals (D:1)
  5 kobolds
  3 quokkas (D:2)
  3 frilled lizards
  6 rats
53 creatures vanquished.

Notes
Turn   | Place    | Note
-------+----------+-------------------------------------------
     0 | D:1      | Leeroy the Vine Stalker Warper began the quest for the Orb.
     0 | D:1      | Reached XP level 1. HP: 11/11 MP: 4/4
    46 | D:1      | Reached skill level 2 in Long Blades
   116 | D:1      | Reached XP level 2. HP: 15/15 MP: 6/6
   190 | D:1      | Learned a level 2 spell: Blink
   292 | D:1      | Reached skill level 3 in Long Blades
   417 | D:1      | Found a faded altar of an unknown god.
   574 | D:2      | Reached XP level 3. HP: 15/18 MP: 7/7
   578 | D:2      | Learned a level 3 spell: Vhi's Electric Charge
  1129 | D:3      | Gained mutation: Your natural rate of healing is unusually
                  | fast. [Vine Stalker growth]
  1129 | D:3      | Reached XP level 4. HP: 19/23 MP: 4/8
  1198 | D:3      | Noticed a scorpion
  1217 | D:3      | Killed a scorpion
  1218 | D:3      | Reached skill level 4 in Long Blades
  1218 | D:3      | Reached XP level 5. HP: 17/26 MP: 3/9
  1379 | D:3      | Found a glowing drain.
  1395 | Sewer    | Entered a sewer
  1496 | Sewer    | Noticed a kobold brigand
  1506 | Sewer    | Noticed a kobold brigand
  1533 | Sewer    | Killed a kobold brigand
  1534 | Sewer    | Reached skill level 5 in Long Blades
  1543 | Sewer    | Succumbed to a kobold brigand's curare-tipped dart

Illustrated notes

Levels and vault maps discovered:
D:1:      saegor_arrival_simple_c, layout_rooms, nicolae_ecumenical_lake_church
D:2:      layout_rooms
D:3:      layout_loops_ring, portal_sewer_entry_d
Sewer:    sewer_kobolds

Skill      XL: |  1  2  3  4  5 |
---------------+----------------+-----
Long Blades    | 2 3 4 5 |  5.4
Fighting       | |  1.7
Throwing       | |  0.8
Armour         | |  0.7
Dodging        | |  1.5
Spellcasting   | |  2.1
Translocations | |  3.0

Action                     |  1- 3 |  4- 6 || total
---------------------------+-------+-------++-------
  Melee: Falchion          |   101 |    85 ||   186
         Bite              |    19 |    17 ||    36
         Punch             |       |     1 ||     1
   Cast: Blink             |       |     1 ||     1
    Use: Potion            |       |     2 ||     2
   Stab: Sleeping          |     2 |       ||     2
         Invisible         |       |     1 ||     1
 Armour: Leather armour    |    21 |    17 ||    38
  Dodge: Dodged            |    50 |    37 ||    87

Table legend: (Time is in decaauts)
 A = Elapsed time spent in this place.
 B = Non-inter-level travel time spent in this place.
 C = Inter-level travel time spent in this place.
 D = Time resting spent in this place.
 E = Time spent auto-exploring this place.
 F = Levels seen in this place.
 G = Mean time per level.
                   A        B        C        D        E       F      G
               +--------+--------+--------+--------+--------+-----+--------+
         Total |   1588 |   1523 |     65 |      0 |   1065 |   4 |  397.0 |
       Dungeon |   1420 |   1355 |     65 |      0 |    976 |   3 |  473.3 |
         Sewer |    168 |    168 |      0 |      0 |     88 |   1 |  168.0 |
               +--------+--------+--------+--------+--------+-----+--------+

Top non-repeatable levels by time:
     D:1: 574 daAuts
     D:2: 533 daAuts
     D:3: 312 daAuts
   Sewer: 168 daAuts
